Map: Torches LE

Players

user

  • Race: Terran Terran
  • League: Master
  • Spawn Location: 1:00

Aldo - Winner!

  • Race: Protoss Protoss
  • League: Silver
  • Spawn Location: 5:00

VOD

Have the link to the VOD?

Description

Time

  • Played on: Oct. 9, 2025, 2:40 a.m.
  • Length: 13:13
Show
View Real Time Build Order
Export as new Build Order

user Terran 

Build Orders:  

Get SALT Encoding   

  12  0:08  SCV  
  13  0:19  Supply Depot  
  13  0:23  SCV  
  14  0:35  SCV  
  15  0:43  Barracks  
  15  0:49  SCV  
  16  1:01  SCV  
  17  1:13  SCV  
  18  1:25  SCV  
  18  1:30  Supply Depot  
  19  1:33  Command Center, Marine  
  19  1:37  SCV  
  21  1:45  Refinery  
  21  1:50  SCV  
  21  1:51  Marine  
  23  1:57  Refinery  
  23  2:02  SCV  
  24  2:09  Marine  
  24  2:14  SCV  
  26  2:18  Supply Depot  
  26  2:26  Marine  
  26  2:27  SCV  
  28  2:34  Barracks  
  28  2:39  SCV  
  29  2:44  Marine  
  29  2:46  Refinery  
  29  2:47  Supply Depot  
  31  2:52  SCV x2  
  32  3:02  Marine  
  32  3:03  Supply Depot  
  33  3:08  SCV x2  
  35  3:20  Marine, SCV x2  
  35  3:21  Refinery  
  35  3:26  Marine  
  39  3:32  Supply Depot, SCV x2  
  41  3:38  Marine  
  42  3:44  Marine, SCV x2  
  45  3:52  Bunker  
  45  3:56  Marine, SCV x2  
  45  4:02  Marine  
  49  4:09  Bunker  
  49  4:12  SCV, Engineering Bay  
  49  4:13  Marine, SCV  
  52  4:20  Marine  
  53  4:25  SCV x2  
  53  4:30  Supply Depot  
  55  4:31  Marine  
  55  4:37  SCV x2  
  55  4:38  Marine  
  59  4:49  Marine, SCV  
  59  4:50  SCV  
  62  4:55  Marine  
  63  5:00  Supply Depot  
  63  5:01  Terran Infantry Weapons Level 1  
  63  5:02  SCV x2  
  63  5:05  Supply Depot  
  65  5:07  Marine  
  65  5:09  Missile Turret  
  65  5:13  Marine  
  65  5:14  Missile Turret  
  67  5:16  SCV x2  
  69  5:25  Marine  
  70  5:28  Supply Depot  
  70  5:31  Marine  
  70  5:33  Orbital Command x2  
  71  5:41  Barracks  
  71  5:42  Marine  
  71  5:45  Factory  
  72  6:02  Barracks Tech Lab  
  72  6:03  Barracks Reactor  
  72  6:06  Command Center, SCV x2  
  74  6:18  SCV x2  
  75  6:25  Supply Depot, Combat Shield  
  76  6:26  Supply Depot  
  76  6:30  SCV x2  
  78  6:39  Refinery  
  78  6:42  Factory Tech Lab, SCV x2  
  80  6:49  Supply Depot, Starport  
  80  6:55  Barracks Reactor  
  80  6:57  Starport  
  80  7:03  Siege Tank  
  80  7:05  Refinery, SCV x2  
  80  7:07  Marine  
  86  7:17  SCV  
  86  7:22  SCV  
  89  7:24  Orbital Command  
  89  7:25  Marine x2  
  89  7:26  Marine  
  92  7:30  Supply Depot, SCV  
  92  7:31  Supply Depot  
  92  7:34  SCV  
  92  7:35  Siege Tank  
  96  7:42  SCV  
  96  7:43  Marine  
  97  7:44  Stimpack  
  97  7:46  SCV  
  98  7:54  SCV  
  98  7:55  Starport Tech Lab x2  
  98  7:57  Marine x2  
  98  7:58  SCV  
  102  8:00  Marine  
  102  8:02  Supply Depot  
  103  8:06  SCV, Starport  
  103  8:07  Siege Tank  
  103  8:10  SCV  
  103  8:14  Marine x2  
  103  8:18  Marine, SCV  
  107  8:20  Raven x2  
  109  8:32  Marine x2  
  111  8:35  Missile Turret  
  111  8:36  Marine  
  111  8:38  Supply Depot x2  
  111  8:39  Siege Tank  
  111  8:40  Terran Infantry Armor Level 1  
  115  8:42  Starport Tech Lab  
  115  8:44  Cloaking Field  
  115  8:45  Interference Matrix  
  117  8:50  Marine x2  
  117  8:53  Banshee  
  117  8:54  Viking  
  122  8:57  Marine  
  122  9:01  Supply Depot  
  123  9:08  Marine x2  
  125  9:11  Siege Tank  
  125  9:15  Marine  
  125  9:16  Banshee  
  132  9:23  Supply Depot  
  132  9:24  Banshee  
  132  9:26  Supply Depot, Marine x2  
  136  9:32  Marine  
  136  9:36  Viking  
  139  9:43  Marine, Siege Tank  
  139  9:44  Marine  
  144  9:46  Supply Depot  
  144  9:49  Supply Depot  
  144  9:50  Marine  
  145  9:59  Viking  
  139  10:01  Marine x2  
  139  10:07  Raven, Banshee  
  143  10:08  Marine  
  143  10:10  Supply Depot  
  147  10:15  Siege Tank  
  147  10:19  Marine x2  
  147  10:20  Command Center  
  150  10:26  Marine  
  144  10:29  Viking  
  146  10:37  Marine x2  
  146  10:41  Raven  
  150  10:44  Marine  
  150  10:45  Supply Depot  
  150  10:48  Widow Mine  
  150  10:49  Banshee  
  153  10:55  Marine x2  
  158  10:59  Banshee  
  158  11:02  Marine  
  162  11:09  Supply Depot, Siege Tank  
  165  11:12  Marine  
  165  11:13  Marine  
  165  11:15  Viking  
  169  11:19  Marine  
  170  11:30  Marine x2  
  169  11:33  Raven  
  169  11:34  Refinery  
  169  11:37  Marine  
  161  11:41  Siege Tank  
  161  11:42  Banshee  
  161  11:45  Viking  
  164  11:48  Marine x2  
  162  11:55  Marine  
  162  12:00  Refinery  
  157  12:06  Marine x2  
  157  12:07  Raven  
  160  12:13  Siege Tank  
  160  12:15  Banshee  
  165  12:25  Viking  
  163  12:50  SCV x2  
Show
View Real Time Build Order
Export as new Build Order

Aldo Protoss - Winner!

Build Orders:  

Get SALT Encoding   

  12  0:17  Pylon  
  12  0:18  Probe  
  13  0:30  Probe  
  14  0:39  Forge  
  14  0:43  Probe  
  14  0:48  Assimilator  
  15  0:54  Assimilator  
  15  0:55  Probe  
  16  1:04  Probe  
  17  1:12  Probe  
  18  1:21  Probe  
  18  1:22  Photon Cannon  
  19  1:33  Probe  
  20  1:42  Photon Cannon  
  20  1:45  Probe  
  21  1:51  Gateway  
  21  1:57  Probe  
  22  2:09  Pylon, Probe  
  23  2:19  Gateway  
  23  2:27  Pylon  
  23  2:43  Zealot  
  25  2:44  Cybernetics Core  
  25  2:53  Pylon  
  25  3:13  Nexus  
  25  3:21  Pylon  
  25  3:25  Assimilator  
  25  3:27  Assimilator  
  25  3:33  Zealot  
  27  3:35  Stalker  
  27  3:40  Warp Gate  
  29  3:55  Twilight Council  
  29  4:06  Probe  
  29  4:09  Stalker  
  30  4:11  Sentry  
  34  4:18  Probe  
  34  4:22  Robotics Facility  
  35  4:28  Probe  
  35  4:30  Probe  
  37  4:36  Charge  
  37  4:40  Probe  
  38  4:55  Gateway  
  38  4:57  Gateway  
  38  5:03  Zealot x2  
  42  5:08  Probe x2  
  44  5:20  Probe x2  
  46  5:28  Robotics Bay  
  46  5:32  Dark Shrine  
  46  5:36  Observer  
  48  5:42  Probe  
  48  5:44  Probe  
  49  5:55  Probe  
  49  5:56  Probe  
  51  6:07  Stalker, Probe  
  51  6:08  Stalker  
  56  6:14  Observer  
  57  6:19  Gravitic Boosters  
  57  6:28  Pylon  
  57  6:32  Observer  
  58  6:46  Stalker x2  
  62  6:49  Warp Prism  
  64  7:03  Stargate  
  64  7:06  Stargate  
  64  7:14  Pylon  
  64  7:16  Gravitic Drive  
  64  7:19  Protoss Shields Level 1  
  64  7:22  Shadow Stride  
  64  7:34  Dark Templar x3  
  70  7:42  Dark Templar  
  72  7:55  Observer  
  73  8:10  Dark Templar  
  73  8:12  Dark Templar  
  85  8:46  Void Ray x2  
  85  9:03  Fleet Beacon  
  85  9:11  Nexus  
  73  9:39  Zealot x2  
  73  9:40  Zealot x2  
  81  9:55  Carrier, Pylon  
  81  9:57  Pylon  
  71  10:00  Pylon  
  71  10:01  Zealot  
  71  10:02  Zealot x3  
  79  10:10  Pylon  
  79  10:14  Assimilator  
  79  10:17  Assimilator  
  51  10:42  Carrier  
  57  10:55  Stargate  
  57  10:56  Stargate  
  40  11:13  Carrier  
  40  11:16  Probe  
  47  11:24  Dark Templar x3  
  53  11:28  Probe  
  54  11:34  Dark Templar  
  54  11:40  Probe  
  45  11:55  Probe  
  36  12:01  Dark Templar  
  36  12:05  Zealot  
  36  12:07  Probe  
  32  12:19  Probe  
  32  12:22  Dark Templar  
  23  12:31  Probe  
Tags
 
Add a new tag
Caveats
  • Supply blocks, unpowered buildings, or Contaminate may cause inaccurate times.
  • Supply counts are checked every 10 seconds.